 Dungeon Crawl Stone Soup version 0.30-a0-469-g84de5afbc5 (webtiles) character file.

Game seed: 8527286886447148648

47 ytrimaz the Ducker (level 3, -1/18 HPs)
             Began as a Felid Chaos Knight on Dec 19, 2022.
             Was a Plaything of Xom.
             Slain by a worm (7 damage)
             ... on level 2 of the Dungeon.
             The game lasted 00:02:49 (1327 turns).

ytrimaz the Ducker (Felid Chaos Knight)             Turns: 1327, Time: 00:02:50

Health: -1/18      AC:  1    Str:  8    XL:     3   Next: 48%
Magic:  4/4        EV: 18    Int: 15    God:    Xom [*.....]
Gold:   72         SH:  0    Dex: 15    Spells: 1/2 levels left
                                        Lives:  0   Deaths: 0

rFire   . . .      SeeInvis +      - Unarmed
rCold   . . .      Faith    .    (shield unavailable)
rNeg    . . .      Spirit   .    (body armour unavailable)
rPois   .          Reflect  .    (helmet unavailable)
rElec   .          Harm     .    (cloak unavailable)
rCorr   .          Rampage  .    (gloves unavailable)
Will    .....                    (boots unavailable)
Stlth   +.........               (no amulet)
HPRegen 0.23/turn                (no ring)
MPRegen 0.09/turn                (no ring)

@: quick
A: very small, claws 1, fangs 3, see invisible, speed 1, shaggy fur 1, stealthy
paws, no weapons or thrown items, no armour, multi-lived
a: Renounce Religion


You were on level 2 of the Dungeon.
You worshipped Xom.
You were a special plaything of Xom.
You visited 1 branch of the dungeon, and saw 2 of its levels.

You collected 72 gold pieces.


Innate Abilities, Weirdness & Mutations

You have sharp claws.
You have razor-sharp teeth.
You have supernaturally acute eyesight. (SInv)
You cover ground quickly. (Speed+)
You are covered in fur. (AC +1)
Your paws help you pounce on unaware monsters.
You are incapable of wielding weapons or throwing items.
You cannot wear armour.
You gain extra lives every three experience levels.


   Skills:
 + Level 3.7 Fighting
 + Level 4.3 Dodging
 - Level 3.2 Unarmed Combat


You had one spell level left.
You knew the following spells:

 Your Spells              Type           Power      Damage    Failure   Level
a - Beastly Appendage     Tmut           0%         N/A       26%         1

Your spell library contained the following spells:

 Spells                   Type           Power      Damage    Failure   Level
 Wereblood                Tmut           0%         N/A       38%         2
 Spider Form              Tmut/Pois      0%         N/A       63%         3
 Stone Arrow              Conj/Erth      0%         3d7       63%         3
 Lehudib's Crystal Spear  Conj/Erth      0%         10d2      100%        8
 Animate Armour           Summ/Erth      Unusable   N/A       N/A         4

Inventory:

Jewellery
 c - the ring "Lefehion" {Fly rC- rCorr SInv}
   (You found it on level 2 of the Dungeon)

   [ring of resist corrosion]

   rC:        It makes you vulnerable to cold.
   SInv:      It lets you see invisible.
   Fly:       It grants you flight.
   rCorr:     It protects you from acid and corrosion.
Scrolls
 b - a scroll of butterflies
 d - 3 scrolls of identify
 f - a scroll of teleportation
 g - a scroll of blinking
 k - a scroll of enchant armour
Potions
 e - a potion of curing {unknown}
Miscellaneous
 a - a piece from Xom's chessboard (15/15) (quivered)

Dungeon Overview and Level Annotations

Branches:
Dungeon (2/15) Zot: 10883

Altars:
Zin

#.<....# ##)......#
#####..###.........
..............#..
###..##.......# .
#..##.......#
#..#..#.......
####..#..#########
.............#
###..#@###.....
#.....w..# .###
#......#.# #
#..###.#.# #.. ..#
# # #.# ..# ###


You could see a worm.


Message History

You are too injured to fight recklessly!
You scratch the endoplasm.
You kill the endoplasm!
You are too injured to fight recklessly!
Unknown command.
A goblin comes into view. It is wielding a +0 dagger. 😎 HP[+7]
Your hp is fully restored (17).
A goblin is nearby!
A goblin is nearby!
The goblin shouts!
A giant cockroach comes into view.
The goblin completely misses you.
You scratch the goblin. The goblin misses you.
You barely miss the goblin.
The goblin hits you with a +0 dagger. 😕 HP[-3]
You take 3 damage, and now have 14/17 hp.
You scratch the goblin.
You kill the goblin! 😕 HP[+1]
You now have 18 max hp (+1).
You scratch the giant cockroach.
The giant cockroach completely misses you.
The giant cockroach completely misses you.
You see here a +0 dagger.
Unknown command.
You scratch the giant cockroach but do no damage.
You bite the giant cockroach.
The giant cockroach completely misses you.
You scratch the giant cockroach.
You kill the giant cockroach! 😕 HP[+1]
You see here a giant cockroach corpse.
Unknown command.
No target in view!
f - a scroll of teleportation 😎 HP[+2]
Your hp is fully restored (18).
You see here a +0 trident.
There is a glowing silver altar of Zin here.
Found a stone staircase leading up.
An endoplasm comes into view.
An endoplasm is nearby!
An endoplasm is nearby!
The endoplasm quivers.
The endoplasm completely misses you.
You barely miss the endoplasm. You bite the endoplasm.
The endoplasm closely misses you. The endoplasm hits you. 😕 HP[-2]
You take 2 damage, and now have 16/18 hp.
You scratch the endoplasm. The endoplasm freezes you.
You are frozen. 😮 HP[-4]
You take 4 damage, and now have 12/18 hp.
MASSIVE DAMAGE!! (PAUSE)
You are too injured to fight recklessly!
You scratch the endoplasm.
You kill the endoplasm!
You are too injured to fight recklessly!
Unknown command. 😮 HP[+1]
A goblin comes into view. It is wielding a +0 club. 😕 HP[+4]
You regained 4 hp, and now have 17/18 hp.
A goblin is nearby!
A goblin is nearby!
The goblin shouts!
You scratch the goblin.
You kill the goblin! 😎 HP[+1]
Your hp is fully restored (18).
No target in view!
You see here a +0 club.
A worm comes into view.
A worm is nearby!
A worm is nearby!
The worm bites you. 😮 HP[-5]
You take 5 damage, and now have 13/18 hp.
MASSIVE DAMAGE!! (PAUSE)
You scratch the worm. You claw the worm.
You are too injured to fight recklessly!
You scratch the worm but do no damage. The worm bites you!
* * * LOW HITPOINT WARNING * * *
😨 HP[-8]
You take 8 damage, and now have 5/18 hp.
MASSIVE DAMAGE!! (PAUSE)
You are too injured to fight recklessly!
You scratch the worm. You bite the worm.
You are too injured to fight recklessly!
You scratch the worm but do no damage.
The worm closely misses you. 😨 HP[+1] Unknown command.
You scratch the worm. You bite the worm. You scratch the worm.
Your bite misses the worm. The worm closely misses you.
You scratch the worm but do no damage. You bite the worm. The worm bites you!
You die... "It was about time."

Skill      XL: |  1  2 |
---------------+-------+-----
Dodging        | 4 |  4.3
Fighting       | |  3.7
Unarmed Combat | |  3.2

Action                   || total
-------------------------++-------
Melee: Unarmed           ||    86
       Bite              ||    11
       Punch             ||     4
Evoke: Piece from Xom's  ||     1
  Use: Scroll            ||     8
       Potion            ||     1
 Stab: Sleeping          ||     3
Armor: Skin              ||     2
Dodge: Dodged            ||    53

Levels and vault maps discovered:
D:1:      tarquinn_simple_flora_water_f, layout_basic, serial_bayou_pond_a
D:2:      layout_basic, basic_altar, ebering_ecumenical_altar_hall

Notes
Turn   | Place    | Note
-------+----------+-------------------------------------------
     0 | D:1      | ytrimaz the Felid Chaos Knight began the quest for the Orb.
     0 | D:1      | Reached XP level 1. HP: 10/10 MP: 2/2
     0 | D:1      | magus.rc [v1.9.6]
     5 | D:1      | XOM: divination: detect creatures
   204 | D:1      | Reached XP level 2. HP: 12/14 MP: 3/3
   207 | D:1      | XOM: butterfly on damage
   213 | D:1      | HP: 3/14 [endoplasm (3)]
   214 | D:1      | HP: 1/14 [endoplasm (2)]
   262 | D:1      | XOM: divination: detect creatures
   357 | D:1      | You pick up a book of Armaments and begin reading...
   357 | D:1      | You add the spells Stone Arrow and Lehudib's Crystal Spear
                  | to your library.
   364 | D:1      | You pick up a book of Changes and begin reading...
   364 | D:1      | You add the spells Beastly Appendage, Wereblood and Spider
                  | Form to your library.
   367 | D:1      | Learned a level 1 spell: Beastly Appendage
   510 | D:1      | XOM: cloud trail
   587 | D:1      | XOM: silly message
   911 | D:1      | XOM: summons 2 hostile demons
   912 | D:1      | Noticed a crimson imp
  1063 | D:2      | Identified the ring "Lefehion" {Fly rC- rCorr SInv}
  1078 | D:2      | Reached skill level 4 in Dodging
  1140 | D:2      | Reached XP level 3. HP: 16/17 MP: 4/4
  1206 | D:2      | Found a glowing silver altar of Zin.
  1327 | D:2      | Slain by a worm

Vanquished Creatures
  An adder (D:2)
  A dart slug (D:1)
  3 ball pythons
  7 endoplasms
  2 giant cockroaches
  4 goblins
  A hobgoblin (D:1)
  A kobold (D:2)
  4 quokkas (D:1)
  4 bats
  A frilled lizard (D:1)
  A rat (D:1)
30 creatures vanquished.

Vanquished Creatures (others)
  2 plants (D:1)
2 creatures vanquished.

Grand Total: 32 creatures vanquished

Table legend:
 A = Non-vault XP
 B = Vault XP
 C = Vault XP percentage of total XP
 D = Non-vault monster count
 E = Vault monster count
 F = Vault count percentage of total count
                 A         B        C        D         E       F
            +---------+---------+-------+---------+---------+-------
      Total |      68 |       0 |   0.0 |      30 |       0 |   0.0
            +---------+---------+-------+---------+---------+-------
        D:1 |      37 |       0 |   0.0 |      20 |       0 |   0.0
        D:2 |      31 |       0 |   0.0 |      10 |       0 |   0.0
            +---------+---------+-------+---------+---------+-------

Illustrated notes

Table legend:
 A = Kills in this place as a percentage of kills in entire the game.
 B = Kills by you in this place as a percentage of kills by you in the entire game.
 C = Kills by friends in this place as a percentage of kills by friends in the entire game.
 D = Other kills in this place as a percentage of other kills in the entire game.
 E = Experience gained in this place as a percentage of experience gained in the entire game.
 F = Experience gained in this place divided by the number of levels of this place that you have seen.
                   A       B       C       D       E      F
               +-------+-------+-------+-------+-------+----------------------
         Total | 100.0 | 100.0 |   N/A |   N/A | 100.0 |  34.0
       Dungeon | 100.0 | 100.0 |   N/A |   N/A | 100.0 |  34.0
               +-------+-------+-------+-------+-------+----------------------

Table legend: (Time is in decaauts)
 A = Elapsed time spent in this place.
 B = Non-inter-level travel time spent in this place.
 C = Inter-level travel time spent in this place.
 D = Time resting spent in this place.
 E = Time spent auto-exploring this place.
 F = Levels seen in this place.
 G = Mean time per level.
                   A        B        C        D        E       F      G
               +--------+--------+--------+--------+--------+-----+--------+
         Total |   1115 |   1099 |     16 |      2 |    754 |   2 |  557.5 |
       Dungeon |   1115 |   1099 |     16 |      2 |    754 |   2 |  557.5 |
               +--------+--------+--------+--------+--------+-----+--------+

Top non-repeatable levels by time:
     D:1: 883 daAuts
     D:2: 231 daAuts
